 Dungeon Crawl Stone Soup version 0.31-a0-321-g19405a7a6a (webtiles) character file.

Game seed: 9803146026851770857

154 2FriedEggs the Changeling (level 5, -3/81 HPs)
             Began as an Ogre Shapeshifter on July 17, 2023.
             Was a Believer of Uskayaw.
             Slain by an ogre
             ... wielding a +0 giant club
              (11 damage)
             ... on level 4 of the Dungeon.
             The game lasted 00:04:17 (3084 turns).

2FriedEggs the Changeling (Ogre Shapeshifter)       Turns: 3084, Time: 00:04:18

Health: -3/81      AC: 22    Str: 27    XL:     5   Next: 35%
Magic:  14/14      EV:  1    Int:  9    God:    Uskayaw [**....]
Gold:   125        SH:  5    Dex:  9    Spells: 4/4 levels left

rFire   . .          .
                       - Unarmed
rCold   . . .        (no shield)
rNeg    . . .        a - melded +0 animal skin
rPois   +            d - melded +2 hat
rElec   .            (cloak currently unavailable)
rCorr   .            (gloves unavailable)
SInv    .            (boots unavailable)
Will    .....        l - amulet of reflection
Stlth   +            f - +6 ring of strength
HPRegen 0.33/turn    g - ring of magical power
MPRegen 0.14/turn

%: reflection
@: tree-form
A: stationary, stasis, torment immunity, boosted hp, large, unfitting armour,
(tough skin 1)
a: Renounce Religion, Stomp, Line Pass


You were on level 4 of the Dungeon.
You worshipped Uskayaw.
Uskayaw was noncommittal.
You were a tree.
You visited 1 branch of the dungeon, and saw 4 of its levels.

You collected 145 gold pieces.
You spent 20 gold pieces at shops.

Inventory:

Armour
 a - a +0 animal skin (melded)
 d - a +2 hat (melded)
Jewellery
 f - a +6 ring of strength (left branch)
 g - a ring of magical power (right branch)
 l - an amulet of reflection (around neck)
Talismans
 c - a beast talisman
Wands
 n - a wand of mindburst (12)
Scrolls
 e - 2 scrolls of noise {unknown}
 h - 2 scrolls of identify
 j - a scroll of enchant armour {unknown}
 k - a scroll of vulnerability {unknown}
 m - 2 scrolls of fear {unknown}
Potions
 i - 3 potions of curing {unknown}
 o - 2 potions of degeneration {unknown}


   Skills:
 + Level 4.2 Fighting
 - Level 1.7 Dodging
 + Level 2.8 Unarmed Combat
 * Level 4.2 Shapeshifting


You had 4 spell levels left.
You didn't know any spells.
Your spell library contained the following spells:

 Spells                   Type           Power      Damage    Failure   Level
 Kiss of Death            Conj/Necr      0%         2d5       38%         1
 Cigotuvi's Dreadful Rot  Necr/Pois/Air  0%         N/A       52%         2
 Confusing Touch          Hex            0%         N/A       77%         3
 Dispel Undead            Necr           0%         3d6       99%         4
 Death Channel            Necr           0%         N/A       100%        6


Dungeon Overview and Level Annotations

Branches:
Dungeon (4/15)
 Temple: D:4-7

Altars:
Uskayaw

Shops:
D:1 *


Innate Abilities, Weirdness & Mutations

You are a tree.
Your roots penetrate the ground, keeping you stationary.
You cannot be teleported.
You are immune to unholy pain and torment.
Your maximum health is greatly increased.
Your equipment is partially melded.
You are too large for most types of armour.
((You have tough skin. (AC +1)))


Message History

Your +0 animal skin melds into your body.
Your roots penetrate the ground.
The ogre hits you but does no damage. The gnoll hits you but does no damage.
You barely miss the ogre.
The gnoll hits you from afar with a +0 spear.
The kobold hits you but does no damage. You block the ogre's attack.
You hit the ogre but do no damage.
The kobold hits you with a +0 short sword.
The gnoll hits you but does no damage.
You hit the ogre.
The ogre is lightly wounded.
You block the ogre's attack.
The gnoll hits you from afar with a +0 spear.
You block the kobold's attack.
You barely miss the ogre.
The ogre is lightly wounded.
You block the gnoll's attack. You block the kobold's attack.
The ogre hits you with a +0 giant club!
* * * LOW HITPOINT WARNING * * *
You hit the ogre.
The ogre is moderately wounded.
You block the gnoll's attack. The kobold hits you but does no damage.
You hit the ogre.
The ogre is moderately wounded.
You block the ogre's attack. The gnoll hits you but does no damage.
The kobold hits you with a +0 short sword.
* * * LOW HITPOINT WARNING * * *
You can now pass through a line of other dancers.
You hit the ogre.
The ogre is heavily wounded.
You hit the ogre but do no damage.
The ogre is heavily wounded.
The ogre hits you with a +0 giant club!
* * * LOW HITPOINT WARNING * * *
The gnoll hits you but does no damage. The kobold hits you but does no damage.
You smack the ogre!
The ogre is severely wounded.
The gnoll hits you but does no damage. The kobold hits you but does no damage.
The ogre hits you with a +0 giant club!
You die...

#### #... ###...###
#.......##
.........#
#.......g#
##....##K# #.g.
#♣######## ....
#.O......# ##.
########.# #.# #
#.# #.# #.# #.# #.#
#.# #.# #.# #.#
#.#####
#########>###.#...#


You could see an ogre, a gnoll and a kobold.

Vanquished Creatures
  A jelly (D:4)
  An iguana (D:4)
  3 gnolls
  3 orcs (D:3)
  8 bats
  5 endoplasms
  4 giant cockroaches
  8 hobgoblins
  4 jackals (D:1)
  A quokka (D:2)
  3 ball pythons
  5 frilled lizards
  2 goblins
  7 kobolds
  9 rats
64 creatures vanquished.

Notes
Turn   | Place    | Note
-------+----------+-------------------------------------------
     0 | D:1      | 2FriedEggs the Ogre Shapeshifter began the quest for the
                  | Orb.
     0 | D:1      | Reached XP level 1. HP: 22/22 MP: 1/1
    66 | D:1      | Found a faded altar of an unknown god.
   168 | D:1      | Prayed at the altar of an unknown god.
   168 | D:1      | Became a worshipper of Uskayaw the Reveller
   168 | D:1      | Reached * piety under Uskayaw
   298 | D:1      | Reached ** piety under Uskayaw
   407 | D:1      | Found Dota's General Store.
   411 | D:1      | Reached XP level 2. HP: 29/29 MP: 2/2
   416 | D:1      | Bought a scroll of identify for 20 gold pieces
   440 | D:1      | Reached *** piety under Uskayaw
  1185 | D:2      | Reached XP level 3. HP: 37/37 MP: 3/3
  2183 | D:3      | Reached XP level 4. HP: 45/45 MP: 4/4
  2887 | D:4      | Reached XP level 5. HP: 39/54 MP: 5/5
  2999 | D:4      | Noticed an ogre
  3084 | D:4      | Slain by an ogre

Illustrated notes

Levels and vault maps discovered:
D:1:      minmay_arrival_open_corners, layout_basic, serial_shops, shop,
          ebering_ecumenical_altar_mist
D:2:      layout_basic, grunt_decor_junction
D:3:      layout_basic
D:4:      layout_loops_ring, serial_glass, glass_columns_a, glass_columns_a

Skill      XL: |  1  2  3  4 |
---------------+-------------+-----
Fighting       | 3 4 |  4.2
Unarmed Combat | 2 |  2.8
Shapeshifting  | 4 |  4.2
Dodging        | |  1.7

Action                     |  1- 3 |  4- 6 || total
---------------------------+-------+-------++-------
  Melee: Unarmed           |   134 |    56 ||   190
         Punch             |     1 |     2 ||     3
 Invoke: Stomp             |       |     1 ||     1
Ability: Begin Untransform |     1 |       ||     1
    Use: Potion            |       |     1 ||     1
   Stab: Paralysed         |     1 |     1 ||     2
         Sleeping          |     1 |     1 ||     2
 Armour: Animal skin       |    52 |     4 ||    56
         Skin              |       |    10 ||    10
  Dodge: Dodged            |    57 |    10 ||    67
  Block: Other             |     6 |    13 ||    19
   Form: Beast             |     1 |       ||     1

Table legend: (Time is in decaauts)
 A = Elapsed time spent in this place.
 B = Non-inter-level travel time spent in this place.
 C = Inter-level travel time spent in this place.
 D = Time resting spent in this place.
 E = Time spent auto-exploring this place.
 F = Levels seen in this place.
 G = Mean time per level.
                   A        B        C        D        E       F      G
               +--------+--------+--------+--------+--------+-----+--------+
         Total |   3075 |   2881 |    194 |    293 |   2115 |   4 |  768.8 |
       Dungeon |   3075 |   2881 |    194 |    293 |   2115 |   4 |  768.8 |
               +--------+--------+--------+--------+--------+-----+--------+

Top non-repeatable levels by time:
     D:1: 1102 daAuts
     D:3: 803 daAuts
     D:2: 747 daAuts
     D:4: 422 daAuts
